 Dungeon Crawl Stone Soup version 0.28-a0-1632-g283549b12f (webtiles) character file.

Game seed: 17929625968801285808

2241 Nattfarinn the Cleaver (level 9, -7/77 HPs)
             Began as a Palentonga Fighter on Jan 23, 2022.
             Was a Believer of Uskayaw.
             Killed from afar by an electric eel (11 damage)
             ... with a bolt of electricity
             ... on level 6 of the Dungeon on Jan 25, 2022.
             The game lasted 00:15:54 (5839 turns).

Nattfarinn the Cleaver (Palentonga Fighter)         Turns: 5839, Time: 00:15:55

Health: -7/77      AC: 25    Str: 25    XL:     9   Next: 14%
Magic:  9/9        EV:  5    Int:  8    God:    Uskayaw [**....]
Gold:   151        SH:  4    Dex:  9    Spells: 8/8 levels left

rFire   x . .      SeeInvis +   z - +5 trident "Pujula" {speed, rF- rCorr SInv}
rCold   . . .      Faith    .   c - +0 buckler
rNeg    . . .      Spirit   .   b - +0 scale mail
rPois   .          Reflect  .   f - +2 helmet
rElec   .          Harm     .   (no cloak)
rCorr   +          Rampage  .   e - +0 pair of gloves
Will    .....                   h - +3 barding
Stlth   ..........              (no amulet)
HPRegen 0.22/turn               t - ring of wizardry
MPRegen 0.11/turn               (no ring)

@: lethally poisoned (-7 -> -12), curled up
A: large, rugged brown scales 3, see invisible, deformed body, roll 1, armoured
tail, reflexive curl
a: Rolling Charge, Renounce Religion, Stomp, Line Pass


You were on level 6 of the Dungeon.
You worshipped Uskayaw.
Uskayaw was noncommittal.
You visited 2 branches of the dungeon, and saw 7 of its levels.

You collected 358 gold pieces.
You spent 207 gold pieces at shops.

Inventory:

Hand Weapons
 a - a +0 war axe
 o - a +1 mace of draining
 s - a +2 whip of flaming
 z - the +5 trident "Pujula" (weapon) {speed, rF- rCorr SInv}
   (You found it on level 5 of the Dungeon)

   Attacks with this weapon are significantly faster.
   rF:        It makes you vulnerable to fire.
   SInv:      It lets you see invisible.
   rCorr:     It protects you from acid and corrosion.
Armour
 b - a +0 scale mail (worn)
 c - a +0 buckler (worn)
 e - a +0 pair of gloves (worn)
 f - a +2 helmet (worn)
 h - a +3 barding (worn)
Jewellery
 t - a ring of wizardry (left hand)
 A - a ring of ice
Wands
 u - a wand of paralysis (11)
 y - a wand of charming (1)
 B - a wand of polymorph (8)
Scrolls
 i - 4 scrolls of magic mapping
 j - a scroll of identify
 m - a scroll of vulnerability {unknown}
 n - 4 scrolls of teleportation
 r - 2 scrolls of brand weapon
 v - a scroll of fear {unknown}
 x - 2 scrolls of fog {unknown}
 C - 3 scrolls of immolation
Potions
 d - a potion of might
 g - 2 potions of mutation
 k - a potion of magic
 l - a potion of curing {unknown}
 p - a potion of haste
 q - a potion of attraction
 w - a potion of ambrosia {unknown}


   Skills:
 + Level 7.6 Fighting
 * Level 10.2 Axes
 - Level 2.4 Armour
 - Level 2.4 Shields


You had 8 spell levels left.
You didn't know any spells.
Your spell library contained the following spells:

 Spells                   Type           Power      Damage    Failure   Level
 Confusing Touch          Hex            0%         N/A       80%         3
 Yara's Violent Unravell  Hex/Tmut       0%         3d3       100%        5
 Enfeeble                 Hex            0%         N/A       100%        7


Dungeon Overview and Level Annotations

Branches:
Dungeon (6/15)             Temple (1/1) D:4

Altars:
Dithmenos
Fedhas
Gozag
Hepliaklqana
Kikubaaqudgha
Makhleb
Nemelex Xobeh
Qazlal
Sif Muna
Uskayaw
Vehumet
Wu Jian
Zin

Shops:
D:1 ?   D:5 ?   D:6 (

Annotations:
D:4 4 runed translucent doors, BritishOli's ghost, amateur DsGl; Crazy Yiuf


Innate Abilities, Weirdness & Mutations

You are completely covered in rugged brown scales. (AC +3, +7% HP)
You have supernaturally acute eyesight. (SInv)
Armour fits poorly on your strangely shaped body.
You can roll at nearby foes to attack.
You have a long armoured tail.
You curl defensively after being hit. (AC +7*)


Message History

An electric eel comes into view.
You puncture the ogre!
You tail-slap the ogre, but do no damage.
The ogre is severely wounded.
The ogre barely misses you.
The electric eel shoots out a bolt of lightning at you!
The bolt of electricity hits you!
You completely miss the ogre.
You tail-slap the ogre, but do no damage.
The ogre is severely wounded.
The electric eel shoots out a bolt of lightning at you!
The bolt of electricity hits you.
Unknown command.
You closely miss the ogre. You tail-slap the ogre.
The ogre is almost dead.
You block the scorpion's attack. The ogre hits you with a +0 giant club!
You can now pass through a line of other dancers.
You hit the ogre. You tail-slap the ogre.
You kill the ogre!
The scorpion stings you.
You are poisoned.
The scorpion poisons you!
The electric eel shoots out a bolt of lightning at you!
The bolt of electricity hits you!
You feel very sick.
The electric eel shoots out a bolt of lightning at you!
The bolt of electricity hits you!
* * * LOW HITPOINT WARNING * * *
You feel sick.
The electric eel shoots out a bolt of lightning at you!
The bolt of electricity hits the plant!
The plant begins to die.
The bolt of electricity hits you!
* * * LOW HITPOINT WARNING * * *
Okay, then.
It was a potion of magic.
Magic courses through your body.
* * * LOW HITPOINT WARNING * * *
You feel sick. You block the scorpion's attack.
The electric eel shoots out a bolt of lightning at you!
The bolt of electricity hits the plant!
The bolt of electricity hits you!
You die...

.......<# ##...
.≈≈≈≈........## ##....
≈≈≈≈≈♣........## ##.....
.≈≈.≈..........# #......
≈≈≈S...........# #......
.≈≈≈≈P.........#####......
≈≈≈.S............#...#....
.≈≈♣..........#.....###...
♣...).s@....##..### ###.
##.........###..# #
#.##.....## #..###### #
####### ##..##...###
#..##....... #..#
#..##...>... #..######
#..#........ #..##...#
##..#..[<.... ##.......##
#...#........


You could see a scorpion and 2 electric eels.

Vanquished Creatures
  Pikel (D:5)
  2 black bears
  An ice beast (D:6)
  4 ogres
  2 sky beasts (D:6)
  A centaur (D:6)
  4 lemures
  A wyvern zombie (D:6)
  A bullfrog (D:6)
  An electric eel (D:6)
  A howler monkey (D:3)
  A centaur zombie (D:6)
  A bullfrog skeleton (D:5)
  A jelly (D:4)
  An orc priest (D:3)
  2 hounds
  A centaur skeleton (D:6)
  A gnoll shaman (D:3)
  2 iguanas (D:5)
  2 orc wizards
  2 hound skeletons (D:4)
  Robin (D:2)
  20 gnolls (D:3)
  5 adders
  A white imp (D:6)
  2 ufetubi
  2 worms
  32 orcs
  4 endoplasms
  A giant cockroach (D:2)
  11 goblins
  10 hobgoblins
  12 jackals (D:3)
  5 kobolds
  8 quokkas
  4 ball pythons
  5 bats
  3 frilled lizards
  6 rats
165 creatures vanquished.

Vanquished Creatures (others)
  8 plants
8 creatures vanquished.

Grand Total: 173 creatures vanquished

Notes
Turn   | Place    | Note
-------+----------+-------------------------------------------
     0 | D:1      | Nattfarinn the Palentonga Fighter began the quest for the
                  | Orb.
     0 | D:1      | Reached XP level 1. HP: 19/19 MP: 1/1
   149 | D:1      | Reached XP level 2. HP: 25/25 MP: 2/2
   189 | D:1      | Found Veunacri's Magic Scroll Shoppe.
   190 | D:1      | Upgraded the game from 0.28-a0-1622-gc30f734a66 to
                  | 0.28-a0-1632-g283549b12f
   305 | D:1      | Found a faded altar of an unknown god.
   704 | D:2      | Noticed Robin
   706 | D:2      | Reached skill level 3 in Axes
   712 | D:2      | Reached XP level 3. HP: 22/31 MP: 3/3
   720 | D:2      | Killed Robin
  1378 | D:3      | Reached XP level 4. HP: 35/39 MP: 4/4
  1389 | D:3      | Reached skill level 4 in Axes
  1834 | D:3      | Reached XP level 5. HP: 20/44 MP: 5/5
  2240 | D:3      | Reached skill level 5 in Axes
  2588 | D:3      | Reached XP level 6. HP: 40/52 MP: 6/6
  2652 | D:3      | Reached skill level 6 in Axes
  2733 | D:3      | Reached skill level 5 in Fighting
  3010 | D:3      | Gained mutation: You curl defensively after being hit. (AC
                  | +7*) [Palentonga growth]
  3010 | D:3      | Reached XP level 7. HP: 59/59 MP: 7/7
  3186 | D:3      | Paralysed by an orc for 6 turns
  3480 | D:4      | Found a staircase to the Ecumenical Temple.
  3495 | Temple   | Entered the Ecumenical Temple
  3505 | Temple   | Became a worshipper of Uskayaw the Reveller
  3641 | D:4      | Found a runed translucent gate.
  3641 | D:4      | Found a runed translucent gate.
  3641 | D:4      | Found a runed translucent gate.
  3641 | D:4      | Noticed BritishOli's ghost (amateur DsGl)
  3696 | D:4      | Reached * piety under Uskayaw
  3751 | D:4      | Found a runed translucent door.
  3752 | D:4      | Noticed Crazy Yiuf
  3966 | D:5      | Entered Level 5 of the Dungeon
  3982 | D:5      | Reached ** piety under Uskayaw
  3984 | D:5      | Reached skill level 7 in Axes
  4211 | D:5      | Noticed Pikel
  4267 | D:5      | Killed Pikel
  4268 | D:5      | Reached skill level 8 in Axes
  4268 | D:5      | Reached XP level 8. HP: 27/69 MP: 2/8
  4564 | D:5      | Identified the +5 trident "Pujula" {speed, rF- rCorr SInv}
  4591 | D:5      | Reached *** piety under Uskayaw
  4600 | D:5      | Reached **** piety under Uskayaw
  4882 | D:5      | Found Coclotodd's Magic Scroll Boutique.
  4885 | D:5      | Bought a scroll of identify for 26 gold pieces
  4885 | D:5      | Bought a scroll of identify for 26 gold pieces
  4885 | D:5      | Bought a scroll of identify for 26 gold pieces
  4885 | D:5      | Bought a scroll of magic mapping for 45 gold pieces
  4885 | D:5      | Bought a scroll of teleportation for 39 gold pieces
  4885 | D:5      | Bought a scroll of magic mapping for 45 gold pieces
  4951 | D:6      | Reached skill level 9 in Axes
  5211 | D:6      | Found Zumupeni's Hydra Hut.
  5404 | D:6      | Noticed a seven-headed hydra
  5614 | D:6      | Reached XP level 9. HP: 77/77 MP: 9/9
  5660 | D:6      | Reached skill level 10 in Axes
  5839 | D:6      | Killed from afar by an electric eel

Illustrated notes

Levels and vault maps discovered:
D:1:      saegor_arrival_simple_c, layout_rooms,
          shapermc_ecumenical_altar_mp_ritualfount, serial_shops, shop,
          st_stairs_10
D:2:      layout_basic, uniq_robin
D:3:      lemuel_castle_with_subvaults [lemuel_castle_interior_carwin_1],
          layout_basic
D:4:      layout_gridville, minmay_temple_entry_drinking_statues,
          ebering_ghost_rock_garden, minivault_5, uniq_crazy_yiuf_cottage
D:5:      layout_cave_pools, serial_shops, kennysheep_mini, uniq_pikel
D:6:      layout_cave_pods, serial_bayou, serial_bayou_shore_a,
          serial_bayou_ford_a, serial_bayou_pond_b, serial_bayou_shore_b,
          doesnt_shop_hydraphobe
Temple:   cyrus_circular_temple

Skill      XL: |  1  2  3  4  5  6  7  8  9 |
---------------+----------------------------+-----
Axes           | 3 4 5 6 8 9 10 | 10.2
Fighting       | 4 5 6 7 |  7.6
Armour         | |  2.4
Shields        | |  2.4

Action                   |  1- 3 |  4- 6 |  7- 9 || total
-------------------------+-------+-------+-------++-------
Melee: War axe           |    86 |   175 |       ||   261
       Tailslap          |     4 |    23 |    26 ||    53
       Whip              |       |    11 |   120 ||   131
       Trident           |       |       |    90 ||    90
Invok: Stomp             |       |       |     4 ||     4
 Abil: Rolling Charge    |    24 |    21 |    31 ||    76
  Use: Potion            |       |       |     2 ||     2
       Scroll            |       |       |     9 ||     9
 Stab: Paralysed         |       |       |     7 ||     7
Armor: Scale mail        |    62 |   105 |   158 ||   325
Dodge: Dodged            |    34 |    42 |    52 ||   128
Block: Buckler           |    16 |    37 |    34 ||    87

Table legend: (Time is in decaauts)
 A = Elapsed time spent in this place.
 B = Non-inter-level travel time spent in this place.
 C = Inter-level travel time spent in this place.
 D = Time resting spent in this place.
 E = Time spent auto-exploring this place.
 F = Levels seen in this place.
 G = Mean time per level.
                   A        B        C        D        E       F      G
               +--------+--------+--------+--------+--------+-----+--------+
         Total |   5892 |   5683 |    209 |    673 |   3978 |   7 |  841.7 |
       Dungeon |   5661 |   5468 |    193 |    518 |   3941 |   6 |  943.5 |
        Temple |    230 |    214 |     16 |    155 |     37 |   1 |  230.0 |
               +--------+--------+--------+--------+--------+-----+--------+

Top non-repeatable levels by time:
     D:3: 2035 daAuts
     D:6: 920 daAuts
     D:2: 846 daAuts
     D:5: 712 daAuts
     D:4: 623 daAuts
     D:1: 523 daAuts
  Temple: 230 daAuts
